 Dungeon Crawl Stone Soup version 0.20.1-1-g8b1a95d (webtiles) character file.

193 reaper779 the Magician (level 5, 0/28 HPs)
             Began as a Deep Elf Fire Elementalist on Nov 14, 2017.
             Killed from afar by Blork the orc (12 damage)
             ... with a wand of flame (?/48)
             ... on level 4 of the Dungeon.
             The game lasted 00:10:29 (3156 turns).

reaper779 the Magician (Deep Elf Fire Elementalist) Turns: 3156, Time: 00:10:30

Health: 0/28       AC:  3    Str:  5    XL:     5   Next: 43%
Magic:  10/14      EV: 13    Int: 21    God:
Gold:   112        SH:  0    Dex: 15    Spells: 4/14 levels left

rFire    . . .     SeeInvis .   n - +4 short sword
rCold    . . .     Gourm    .   (no shield)
rNeg     . . .     Faith    .   a - +0 robe
rPois    .         Spirit   .   (no helmet)
rElec    .         Reflect  .   (no cloak)
rCorr    .         Harm     .   f - +0 pair of gloves
MR       +....                  (no boots)
Stlth    ++........             (no amulet)
Regen    0.1/turn               j - ring of protection from magic
MPRegen  0.2/turn               (no ring)

@: very slightly contaminated
A: no striking features
a: no special abilities


You were on level 4 of the Dungeon.
You were not hungry.

You visited 1 branch of the dungeon, and saw 4 of its levels.

You collected 112 gold pieces.

Inventory:

Hand Weapons
 d - a +0 dagger of speed
 n - a +4 short sword (weapon)
Armour
 a - a +0 robe (worn)
 f - a +0 pair of gloves (worn)
Jewellery
 j - a ring of protection from magic (left hand)
Scrolls
 e - 3 scrolls of enchant weapon
 i - a scroll of remove curse
 l - a scroll of teleportation
Potions
 h - a potion of invisibility
 k - a potion of resistance
 o - 2 potions of curing {unknown}
 p - a potion of heal wounds {unknown}
Books
 b - a book of Flames

   Spells                             Type                      Level
   a - Flame Tongue                   Conjuration/Fire             1
   b - Throw Flame                    Conjuration/Fire             2
   c - Conjure Flame                  Conjuration/Fire             3
   d - Inner Flame                    Hexes/Fire                   3
   e - Sticky Flame                   Conjuration/Fire             4
   f - Fireball                       Conjuration/Fire             5
Comestibles
 c - 4 bread rations
 m - 4 fruits


   Skills:
 - Level 2.4 Dodging
 - Level 2.4 Stealth
 - Level 5.0 Spellcasting
 + Level 3.5 Conjurations
 + Level 4.7 Fire Magic


You had 4 spell levels left.
You knew the following spells:

 Your Spells              Type           Power        Failure   Level  Hunger
a - Flame Tongue          Conj/Fire      ###..        1%          1    None
b - Throw Flame           Conj/Fire      ###...       3%          2    None
c - Conjure Flame         Conj/Fire      ###.....     6%          3    ##.....
d - Sticky Flame          Conj/Fire      ###.....     21%         4    ####...


Dungeon Overview and Level Annotations

Branches:
Dungeon (4/15)
 Temple: D:4-7

Altars:
Trog

Annotations:
D:4 Blork the orc


Message History

This raw flesh tastes terrible.
There is a stone staircase leading down here.
You climb downwards.
There is a stone staircase leading up here.
Blork the orc comes into view.
He is wielding a battleaxe.
Found an escape hatch in the floor.
The helpless Blork the orc fails to defend himself.
You hit Blork the orc.
Blork the orc is lightly wounded.
Blork the orc hits you with a battleaxe.
Casting: Flame Tongue
Confirm with . or Enter, or press ? or * to list all spells.
Aiming: Sticky Flame
Press: ? - help, Shift-Dir - straight line, f - Blork the orc
Aim: Blork the orc, wielding a battleaxe and wearing a robe (lightly wounded)
You miscast Sticky Flame.
You are very lightly contaminated with residual magic.
You are blasted with fire.
Blork the orc zaps a wand.
The puff of flame hits you!
You die...

.....# #######
......##.....##
..............##
...............#
...>...........#
...............#
...............#
......o.@......#
..............<#
..............##
#.....##.....##
...###.....###
#. ..##### # ...
..


You could see Blork the orc.

Vanquished Creatures
  Robin (D:2)
  5 adders
  3 gnolls (D:2)
  7 worms
  4 dart slugs
  3 leopard geckos
  3 orcs (D:3)
  5 bats
  A giant cockroach (D:1)
  15 goblins
  7 hobgoblins
  2 jackals (D:1)
  A ball python (D:3)
  2 frilled lizards
  8 kobolds
  10 rats
77 creatures vanquished.

Notes
Turn   | Place    | Note
-------+----------+-------------------------------------------
     0 | D:1      | reaper779 the Deep Elf Fire Elementalist began the quest for the Orb.
     0 | D:1      | Reached XP level 1. HP: 10/10 MP: 6/6
   568 | D:1      | Reached XP level 2. HP: 15/15 MP: 5/8
   578 | D:1      | Reached skill level 4 in Spellcasting
  1288 | D:2      | Reached XP level 3. HP: 15/19 MP: 4/11
  1392 | D:2      | Reached skill level 5 in Spellcasting
  1402 | D:2      | Noticed Robin
  1414 | D:2      | Killed Robin
  1646 | D:2      | Noticed a moth of wrath
  1649 | D:2      | Found a bloodstained altar of Trog.
  1742 | D:2      | Reached XP level 4. HP: 24/24 MP: 7/13
  1749 | D:2      | Learned a level 2 spell: Throw Flame
  1753 | D:2      | Learned a level 3 spell: Conjure Flame
  1758 | D:2      | Learned a level 4 spell: Sticky Flame
  2236 | D:2      | Reached XP level 5. HP: 21/28 MP: 5/14
  3147 | D:4      | Noticed Blork the orc
  3156 | D:4      | Killed from afar by Blork the orc

Skill      XL: |  1  2  3  4 |
---------------+-------------+-----
Spellcasting   | 4 5 |  5.0
Conjurations   | 2 3 |  3.5
Fire Magic     | 4 |  4.7
Dodging        | |  2.4
Stealth        | |  2.4

Action                   |  1- 3 |  4- 6 || total
-------------------------+-------+-------++-------
Melee: Short sword       |     5 |     9 ||    14
 Cast: Flame Tongue      |    63 |    79 ||   142
       Throw Flame       |       |     2 ||     2
  Use: Scroll            |     4 |     4 ||     8
 Stab: Sleeping          |     1 |     2 ||     3
  Eat: Chunk             |     2 |     5 ||     7
Armor: Robe              |     7 |     5 ||    12
Dodge: Dodged            |    31 |    21 ||    52
